 Dungeon Crawl Stone Soup version 0.27-a0-277-g024f7ef292 (webtiles) character file.

Game seed: 7303670303732510285

56 dolemite99 the Grave Robber (level 3, 0/26 HPs)
             Began as a Gnoll Necromancer on Feb 6, 2021.
             Killed from afar by an orc wizard (11 damage)
             ... with a puff of flame
             ... on level 1 of the Dungeon.
             The game lasted 00:02:20 (2190 turns).

dolemite99 the Grave Robber (Gnoll Necromancer)     Turns: 2190, Time: 00:02:21

Health: 0/26       AC:  3    Str:  7    XL:     3   Next: 95%
Magic:  9/9        EV: 14    Int: 15    God:
Gold:   33         SH:  0    Dex: 12    Spells: 11/12 levels left

rFire    . . .     SeeInvis .   h - +0 dagger
rCold    . . .     Faith    .   (no shield)
rNeg     . . .     Spirit   .   a - +0 robe
rPois    .         Reflect  .   (no helmet)
rElec    .         Harm     .   (no cloak)
rCorr    .         Rampage  .   c - +0 pair of gloves
Will     .....                  (no boots)
Stlth    ++........             (no amulet)
HPRegen  0.08/turn              (no ring)
MPRegen  0.11/turn              (no ring)

@: no status effects
A: distributed training, fangs 1, strong nose
a: no special abilities


You were on level 1 of the Dungeon.
You visited 1 branch of the dungeon, and saw 2 of its levels.

You collected 33 gold pieces.

Inventory:

Hand Weapons
 h - a +0 dagger (weapon)
 i - a +0 club
 l - a +0 hand axe
 q - a +0 hand axe
Missiles
 b - 78 stones
 o - 11 arrows
Armour
 a - a +0 robe (worn)
 c - a +0 pair of gloves (worn)
 n - a +0 kite shield
Jewellery
 d - an uncursed amulet of the acrobat {unknown}
 e - an uncursed amulet of guardian spirit
Scrolls
 f - a scroll of enchant weapon {unknown}
 g - a scroll of immolation {unknown}
 p - a scroll of identify {unknown}
Potions
 j - a potion of curing {unknown}
 k - a potion of mutation {unknown}
 m - 2 potions of magic {unknown}


   Skills:
 + Level 1.0 Fighting
 + Level 1.0 Short Blades
 + Level 1.0 Long Blades
 + Level 1.0 Axes
 + Level 1.0 Maces & Flails
 + Level 1.0 Polearms
 + Level 1.0 Staves
 + Level 1.0 Slings
 + Level 1.0 Bows
 + Level 1.0 Crossbows
 + Level 1.0 Throwing
 + Level 1.0 Armour
 + Level 4.6 Dodging
 + Level 4.2 Stealth
 + Level 1.0 Shields
 + Level 1.0 Unarmed Combat
 + Level 5.0 Spellcasting
 + Level 0.7 Conjurations
 + Level 0.7 Hexes
 + Level 0.7 Summonings
 + Level 7.1 Necromancy
 + Level 0.7 Translocations
 + Level 0.7 Transmutations
 + Level 0.7 Fire Magic
 + Level 0.7 Ice Magic
 + Level 0.7 Air Magic
 + Level 0.7 Earth Magic
 + Level 0.7 Poison Magic
 + Level 1.0 Invocations
 + Level 1.0 Evocations


You had 11 spell levels left.
You knew the following spells:

 Your Spells              Type           Power        Failure   Level
a - Pain                  Necr           100%         1%          1

Your spell library contained the following spells:

 Spells                   Type           Power        Failure   Level
 Animate Skeleton         Necr           50%          1%          1
 Vampiric Draining        Necr           12%          2%          3
 Animate Dead             Necr           12%          9%          4
 Agony                    Necr           25%          24%         5


Dungeon Overview and Level Annotations

Branches:
Dungeon (2/15)

Altars:
Ashenzari


Innate Abilities, Weirdness & Mutations

Your experience applies equally to all skills.
You have very sharp teeth.
Your uncanny sense of smell can sniff out nearby items.


Message History

You are confused.
In your confused state, you trip and fall back down the stairs.
There are monsters nearby!
There are monsters nearby!
There are monsters nearby!
The orc wizard misses you.
You climb upwards.
There is a stone staircase leading down here.
You bump into the rock wall.
The orc wizard hits you but does no damage.
You hit the orc wizard.
The orc wizard is lightly wounded.
The orc wizard gestures at you while chanting.
The magic dart hits you!
You bump into the rock wall.
You feel less confused. The orc wizard barely misses you.
The orc wizard casts a spell at you. The puff of flame hits you!
You die...

#..##.##..####.#.##.###....#
#.†##..####....#.#..#####.<#
##.##.#.##..##.##..#.##....#
####
#....#.#.####.###.#.#.##..#
#...
######.##.##.###.##..######
#.##
#....##..####...######.###
#... ####..#### ##### #...#
#.## #..# #.#.# ###.# #.#
#..# #.#@# #.# #.# #..#
#.#># #.# #.# #..#
#.#o########.####.# #..#
#...........).....# #..#
############.###### #..##
#.# #...# ### #.# ####
###.#.# ##.## #.# #...
#..)..## ####.#.#######.#
#.##


You could see an orc wizard.

Vanquished Creatures
  2 worms (D:2)
  3 dart slugs (D:1)
  2 leopard geckos (D:1)
  10 bats
  5 goblins
  5 hobgoblins
  A frilled lizard (D:2)
  5 kobolds
  6 rats
39 creatures vanquished.

Notes
Turn   | Place    | Note
-------+----------+-------------------------------------------
     0 | D:1      | dolemite99 the Gnoll Necromancer began the quest for the
                  | Orb.
     0 | D:1      | Reached XP level 1. HP: 13/13 MP: 6/6
   402 | D:1      | Reached XP level 2. HP: 17/19 MP: 5/7
   410 | D:1      | Found a broken altar of Ashenzari.
   817 | D:1      | Reached XP level 3. HP: 21/25 MP: 5/9
  1142 | D:1      | Reached skill level 5 in Spellcasting
  1572 | D:2      | Reached skill level 1 in Invocations
  1993 | D:2      | Reached skill level 1 in Fighting
  1993 | D:2      | Reached skill level 1 in Short Blades
  1993 | D:2      | Reached skill level 1 in Long Blades
  1993 | D:2      | Reached skill level 1 in Axes
  1993 | D:2      | Reached skill level 1 in Maces & Flails
  1993 | D:2      | Reached skill level 1 in Polearms
  1993 | D:2      | Reached skill level 1 in Staves
  1993 | D:2      | Reached skill level 1 in Slings
  1993 | D:2      | Reached skill level 1 in Bows
  1993 | D:2      | Reached skill level 1 in Crossbows
  1993 | D:2      | Reached skill level 1 in Throwing
  1993 | D:2      | Reached skill level 1 in Armour
  1993 | D:2      | Reached skill level 1 in Shields
  1993 | D:2      | Reached skill level 1 in Unarmed Combat
  1993 | D:2      | Reached skill level 1 in Evocations
  2190 | D:1      | Killed from afar by an orc wizard

Illustrated notes

Levels and vault maps discovered:
D:1:      dpeg_arrival_signposts, layout_loops_ring, minmay_misc_feat_five,
          kennysheep_minor_cross, evilmike_ruin_ashenzari
D:2:      layout_rooms

Skill      XL: |  1  2  3 |
---------------+----------+-----
Spellcasting   | 5 |  5.0
Invocations    | 1 |  1.0
Fighting       | 1 |  1.0
Short Blades   | 1 |  1.0
Long Blades    | 1 |  1.0
Axes           | 1 |  1.0
Maces & Flails | 1 |  1.0
Polearms       | 1 |  1.0
Staves         | 1 |  1.0
Slings         | 1 |  1.0
Bows           | 1 |  1.0
Crossbows      | 1 |  1.0
Throwing       | 1 |  1.0
Armour         | 1 |  1.0
Shields        | 1 |  1.0
Unarmed Combat | 1 |  1.0
Evocations     | 1 |  1.0
Dodging        | |  4.6
Stealth        | |  4.2
Conjurations   | |  0.7
Hexes          | |  0.7
Summonings     | |  0.7
Necromancy     | |  7.1
Translocations | |  0.7
Transmutations | |  0.7
Fire Magic     | |  0.7
Ice Magic      | |  0.7
Air Magic      | |  0.7
Earth Magic    | |  0.7
Poison Magic   | |  0.7

Action                   || total
-------------------------++-------
Melee: Dagger            ||     6
 Cast: Pain              ||    63
 Stab: Sleeping          ||     1
Armor: Robe              ||     5
Dodge: Dodged            ||     8

Table legend: (Time is in decaauts)
 A = Elapsed time spent in this place.
 B = Non-inter-level travel time spent in this place.
 C = Inter-level travel time spent in this place.
 D = Time resting spent in this place.
 E = Time spent auto-exploring this place.
 F = Levels seen in this place.
 G = Mean time per level.
                   A        B        C        D        E       F      G
               +--------+--------+--------+--------+--------+-----+--------+
         Total |   2190 |   2145 |     45 |    976 |    818 |   2 | 1095.0 |
       Dungeon |   2190 |   2145 |     45 |    976 |    818 |   2 | 1095.0 |
               +--------+--------+--------+--------+--------+-----+--------+

Top non-repeatable levels by time:
     D:1: 1564 daAuts
     D:2: 626 daAuts
